 Dungeon Crawl Stone Soup version 0.27-a0-1116-g91b3acb402 (webtiles) character file.

Game seed: 940312003001680046

2444 RemovedPizza the Cleaver (level 9, 0/112 HPs)
             Began as a Hill Orc Fighter on May 2, 2021.
             Slain by a yak (8 damage)
             ... on level 7 of the Dungeon.
             The game lasted 00:19:40 (7266 turns).

RemovedPizza the Cleaver (Hill Orc Fighter)         Turns: 7266, Time: 00:19:40

Health: 0/112      AC:  9    Str: 22    XL:     9   Next: 49%
Magic:  10/11      EV:  9    Int:  8    God:
Gold:   344        SH: 10    Dex: 10    Spells: 2/10 levels left

rFire    . . .     SeeInvis .   I - +3 hand axe
rCold    . . .     Faith    .   c - +0 kite shield
rNeg     . . .     Spirit   .   E - +0 steam dragon scales
rPois    .         Reflect  .   (no helmet)
rElec    .         Harm     .   (no cloak)
rCorr    .         Rampage  .   G - +0 pair of gloves
Will     .....                  r - +1 pair of boots
Stlth    ..........             (no amulet)
HPRegen  0.28/turn              (no ring)
MPRegen  0.12/turn              (no ring)

@: mighty, berserking, hasted, studying Ice Magic, very quick
A: no striking features
a: no special abilities


You were on level 7 of the Dungeon.
You visited 2 branches of the dungeon, and saw 9 of its levels.
You also visited: Ossuary.

You collected 344 gold pieces.

Inventory:

Hand Weapons
 a - a +0 war axe
 D - a +0 halberd of distortion
 I - a +3 hand axe (weapon)
Missiles
 k - 7 javelins (quivered)
 o - 143 arrows
 s - 145 stones
 t - 9 boomerangs
 C - 6 poisoned darts
 K - a curare-tipped dart
Armour
 b - a +0 scale mail
 c - a +0 kite shield (worn)
 r - a +1 pair of boots (worn)
 E - +0 steam dragon scales (worn)
 F - a +0 pair of boots
 G - a +0 pair of gloves (worn)
Jewellery
 H - a ring of willpower
Wands
 u - a wand of iceblast (2)
Scrolls
 e - a scroll of fog {unknown}
 g - 5 scrolls of identify
 h - a scroll of holy word {unknown}
 i - 2 scrolls of enchant weapon {unknown}
 l - 2 scrolls of enchant armour {unknown}
 m - a scroll of amnesia
 p - 2 scrolls of teleportation {unknown}
 y - 2 scrolls of silence {unknown}
Potions
 d - a potion of might
 f - a potion of magic {unknown}
 j - 3 potions of flight
 q - 3 potions of degeneration
 v - a potion of brilliance {unknown}
 w - 2 potions of curing {unknown}
 x - a potion of ambrosia
 z - a potion of attraction {unknown}
 A - 4 potions of lignification


   Skills:
 * Level 6.3 Fighting
 + Level 12.3 Axes
 * Level 5.7 Armour
 * Level 6.0 Shields
 * Level 1.3 Spellcasting
 - Level 1.0 Summonings


You had 2 spell levels left.
You knew the following spells:

 Your Spells              Type           Power      Damage    Failure   Level
a - Sandblast             Erth           0%         2d4       77%         1
b - Animate Armour        Summ/Erth      2%         N/A       100%        4
c - Frozen Ramparts       Ice            0%         1d2       98%         3

Your spell library contained the following spells:

 Spells                   Type           Power      Damage    Failure   Level
 Corona                   Hex            0%         N/A       77%         1
 Magic Dart               Conj           0%         1d3       77%         1
 Searing Ray              Conj           0%         3d3       88%         2
 Slow                     Hex            0%         N/A       88%         2
 Confusing Touch          Hex            0%         N/A       98%         3
 Dazzling Flash           Conj/Hex       0%         N/A       98%         3
 Gell's Gravitas          Tloc           0%         N/A       98%         3
 Inner Flame              Hex/Fire       0%         N/A       98%         3
 Ozocubu's Armour         Ice            0%         N/A       98%         3
 Portal Projectile        Hex/Tloc       0%         N/A       98%         3
 Cause Fear               Hex            0%         N/A       100%        4
 Fulminant Prism          Conj/Hex       0%         3d6       100%        4
 Iskenderun's Mystic Bla  Conj/Tloc      0%         2d3       100%        4
 Leda's Liquefaction      Hex/Erth       0%         N/A       100%        4
 Petrify                  Tmut/Erth      0%         N/A       100%        4
 Metabolic Englaciation   Hex/Ice        0%         N/A       100%        5
 Yara's Violent Unravell  Hex/Tmut       0%         3d3       100%        5
 Shatter                  Erth           0%         3d5*      100%        9


Dungeon Overview and Level Annotations

Branches:
Dungeon (8/15)             Temple (1/1) D:5         Ossuary (visited)
   Lair: D:8-11

Altars:
Ashenzari
Cheibriados
Dithmenos
Elyvilon
Fedhas
Gozag
Hepliaklqana
Makhleb
Okawaru
Qazlal
Ru
Sif Muna
Trog
Uskayaw
Vehumet
Wu Jian
Yredelemnul
Zin
The Shining One

Shops:
D:7 [


Message History

You climb upwards.
There is a stone staircase leading down here.
Unknown command.
Okay, then.
You feel very mighty all of a sudden. The yak gores you.
The yak barely misses you.
You slash the yak!
The yak is lightly wounded.
You closely miss the yak. The yak gores you! The yak gores you.
You slash the yak!
The yak is heavily wounded.
You hit the yak. The yak gores you. The yak gores you!
You hit the yak.
The yak is heavily wounded.
You hit the yak. You block the yak's attack.
The yak gores you but does no damage.
You closely miss the yak.
The yak is heavily wounded.
You slash the yak! The yak gores you!
* * * LOW HITPOINT WARNING * * *
The yak gores you but does no damage.
You slash the yak!
The yak is almost dead.
You barely miss the yak. The yak closely misses you. The yak gores you!
* * * LOW HITPOINT WARNING * * *
Unknown command.
You feel yourself speed up. The yak closely misses you. The yak gores you!
* * * LOW HITPOINT WARNING * * *
A red film seems to cover your vision as you go berserk!
You feel yourself moving faster!
You feel mighty!
You slash the yak!
You kill the yak!
You slash the yak! You block the yak's attack.
Your Shields skill increases to level 6!
You slash the yak!
The yak is severely wounded.
You slash the yak!
The yak is almost dead.
The yak gores you!
You die...

## .# .##########
..........#
.########.########
...........)....Y#
#.#.#.###.######Y#
....#.# #.# #@#
#.###.# #.# #.#
#.....# #.# #.#
####### #.# ###.#
# #.# #.).# #
#.####.###
#########.......#
)...............#
##############.##


You could see 2 yaks.

Vanquished Creatures
  Maggie (D:7)
  A yak (D:7)
  A steam dragon (D:7)
  The ghost of Atlas the Magician, an amateur DjAE (D:6)
  A water moccasin (D:6)
  A black bear (D:7)
  3 centaurs
  An ogre (D:6)
  3 bullfrogs (D:6)
  A kobold brigand (D:8)
  A water moccasin zombie (D:6)
  5 killer bees (D:7)
  3 wights
  A centaur zombie (Ossuary)
  3 jellies
  3 human zombies (Ossuary)
  5 iguanas
  2 orc wizards
  2 mummies (Ossuary)
  3 gnolls (D:6)
  A howler monkey skeleton (D:7)
  2 adders
  3 adder zombies (Ossuary)
  An adder skeleton (D:4)
  2 dart slugs
  12 orcs
  4 endoplasms
  2 giant cockroaches
  5 goblins
  10 hobgoblins
  11 jackals
  A quokka (D:4)
  5 ball pythons
  8 bats
  3 frilled lizards
  8 hobgoblin zombies (Ossuary)
  3 jackal zombies (Ossuary)
  9 kobolds
  5 kobold zombies (Ossuary)
  14 orc zombies (Ossuary)
  9 rats
160 creatures vanquished.

Notes
Turn   | Place    | Note
-------+----------+-------------------------------------------
     0 | D:1      | RemovedPizza the Hill Orc Fighter began the quest for the
                  | Orb.
     0 | D:1      | Reached XP level 1. HP: 19/19 MP: 1/1
    96 | D:1      | Reached skill level 3 in Axes
   206 | D:1      | Reached XP level 2. HP: 24/26 MP: 2/2
   294 | D:1      | Reached skill level 4 in Axes
   640 | D:1      | Reached XP level 3. HP: 31/31 MP: 3/3
   977 | D:2      | Reached skill level 5 in Axes
  1532 | D:2      | Reached skill level 6 in Axes
  1532 | D:2      | Reached XP level 4. HP: 10/39 MP: 4/4
  2055 | D:3      | Reached XP level 5. HP: 46/46 MP: 5/5
  2557 | D:4      | Found a sand-covered staircase.
  2575 | Ossuary  | Entered an ossuary
  2741 | Ossuary  | Reached skill level 7 in Axes
  2749 | Ossuary  | Reached XP level 6. HP: 12/52 MP: 6/6
  3510 | D:5      | Entered Level 5 of the Dungeon
  3601 | D:5      | Reached skill level 8 in Axes
  3841 | D:5      | Reached XP level 7. HP: 36/59 MP: 7/7
  4105 | D:5      | Found a staircase to the Ecumenical Temple.
  4112 | Temple   | Entered the Ecumenical Temple
  4376 | D:6      | Reached skill level 9 in Axes
  4383 | D:6      | Identified the Disquisition on Congealing Stones
  4476 | D:6      | Found a shimmering blue altar of Sif Muna.
  4525 | D:6      | Reached skill level 10 in Axes
  4699 | D:6      | Found a runed translucent door.
  4864 | D:6      | Noticed Atlas's ghost (amateur DjAE)
  4879 | D:6      | Killed Atlas's ghost
  4880 | D:6      | Reached skill level 11 in Axes
  4880 | D:6      | Reached XP level 8. HP: 41/66 MP: 8/8
  5059 | D:6      | Found an iron altar of Okawaru.
  5828 | D:7      | Noticed Maggie
  5833 | D:7      | Killed Maggie
  5834 | D:7      | Reached skill level 5 in Fighting
  5834 | D:7      | Reached skill level 5 in Armour
  5834 | D:7      | Reached skill level 5 in Shields
  5851 | D:7      | Learned a level 1 spell: Sandblast
  5886 | D:7      | Learned a level 4 spell: Animate Armour
  5889 | D:7      | Found an opulent altar of Gozag.
  5889 | D:7      | Found a burning altar of Makhleb.
  5993 | D:7      | Reached XP level 9. HP: 74/74 MP: 9/9
  6008 | D:7      | Reached skill level 12 in Axes
  6264 | D:7      | Reached skill level 1 in Summonings
  6269 | D:7      | Learned a level 3 spell: Frozen Ramparts
  6363 | D:6      | Reached skill level 1 in Spellcasting
  6634 | D:7      | Found Gasecsy's Armour Boutique.
  6929 | D:7      | Found a hide-covered altar of Uskayaw.
  6929 | D:7      | Found a sacrificial altar of Ru.
  6937 | D:7      | Found a faded altar of an unknown god.
  6939 | D:7      | Found a faded altar of an unknown god.
  6941 | D:7      | Found a white marble altar of Elyvilon.
  7071 | D:8      | Found a snail-covered altar of Cheibriados.
  7223 | D:8      | Noticed a two-headed ogre
  7224 | D:8      | Identified a scroll of acquirement
  7225 | D:8      | Acquired a manual of Ice Magic
  7266 | D:7      | Slain by a yak

Illustrated notes

Levels and vault maps discovered:
D:1:      evilmike_arrival_crescent, layout_loops_corners, serial_park_tiny_2,
          chequers_serial_rivers_room_a
D:2:      layout_loops_ring
D:3:      layout_basic, minmay_misc_feat_five
D:4:      layout_rooms, nicolae_ossuary_entry_ruins, kennysheep_nondescript
D:5:      layout_gridville, lemuel_round_altar, temple_fountains,
          dk_noncrumbling_2
D:6:      layout_loops_ring, okawaru_metal_pillars_1_2, lemuel_crystal_altar,
          ebering_ghost_reflecting_pool
D:7:      layout_loops_ring, chequers_temple_overflow_statue_of_worship,
          chequers_temple_overflow_minitemple, serial_shops,
          nicolae_shop_window_shopping, uniq_maggie
D:8:      layout_cave_pools, erik_lair_dragon, hangedman_feature_mirror,
          dk_noncrumbling_4, uniq_erica
Temple:   grunt_temple_mini_profane

Skill      XL: |  1  2  3  4  5  6  7  8  9 |
---------------+----------------------------+-----
Axes           | 3 4 6 7 8 11 12 | 12.3
Fighting       | 4 5 6 |  6.3
Armour         | 4 5 |  5.7
Shields        | 4 5 6 |  6.0
Summonings     | 1 |  1.0
Spellcasting   | 1 |  1.3

Action                   |  1- 3 |  4- 6 |  7- 9 || total
-------------------------+-------+-------+-------++-------
Melee: War axe           |   102 |   178 |   188 ||   468
       Hand axe          |       |       |    30 ||    30
Throw: Javelin           |       |     4 |       ||     4
Evoke: Wand              |       |       |     5 ||     5
  Use: Scroll            |       |     1 |     4 ||     5
       Potion            |       |       |     6 ||     6
Armor: Scale mail        |    56 |   120 |    44 ||   220
       Skin              |       |       |    33 ||    33
       Steam dragon scal |       |       |    30 ||    30
Dodge: Dodged            |    36 |    63 |    76 ||   175
Block: Kite shield       |    58 |   102 |   133 ||   293

Table legend: (Time is in decaauts)
 A = Elapsed time spent in this place.
 B = Non-inter-level travel time spent in this place.
 C = Inter-level travel time spent in this place.
 D = Time resting spent in this place.
 E = Time spent auto-exploring this place.
 F = Levels seen in this place.
 G = Mean time per level.
                   A        B        C        D        E       F      G
               +--------+--------+--------+--------+--------+-----+--------+
         Total |   7399 |   7095 |    304 |   1227 |   3899 |  10 |  739.9 |
       Dungeon |   6623 |   6350 |    273 |    999 |   3720 |   8 |  827.9 |
        Temple |    223 |    192 |     31 |      0 |    179 |   1 |  223.0 |
       Ossuary |    551 |    551 |      0 |    228 |      0 |   1 |  551.0 |
               +--------+--------+--------+--------+--------+-----+--------+

Top non-repeatable levels by time:
     D:6: 1471 daAuts
     D:7: 1321 daAuts
     D:1: 996 daAuts
     D:2: 949 daAuts
     D:3: 617 daAuts
     D:5: 594 daAuts
     D:4: 554 daAuts
 Ossuary: 551 daAuts
  Temple: 223 daAuts
     D:8: 119 daAuts
